 Dungeon Crawl Stone Soup version 0.29-a0-1027-gcd8c55af63 (webtiles) character file.

Game seed: 1276391857682796434

29700 Manisian the Unseen (level 13, -8/61 HPs)
             Began as a Spriggan Enchanter on Aug 13, 2022.
             Was a High Priest of Dithmenos.
             Mangled by a catoblepas (27 damage)
             ... on level 4 of the Lair of Beasts.
             The game lasted 00:59:48 (21644 turns).

Manisian the Unseen (Spriggan Enchanter)           Turns: 21644, Time: 00:59:49

Health: -8/61      AC:  3    Str:  4    XL:     13   Next: 16%
Magic:  12/33      EV: 25    Int: 18    God:    Dithmenos [*****.]
Gold:   873        SH:  0    Dex: 25    Spells: 22/43 levels left

rFire   + + .      SeeInvis +   a - +3 dagger
rCold   + + .      Faith    .   (no shield)
rNeg    + + +      Spirit   .   v - +0 steam dragon scales
rPois   +          Reflect  .   f - -2 hat of the Alchemist {rElec rPois rF+ rC+ rN+ Will+ rMut rCorr}
rElec   +          Harm     .   o - scarf {rC+ rF+}
rCorr   +          Rampage  .   (gloves unavailable)
rMut    +                       (boots unavailable)
Will    ++++.                   R - amulet "Zokhlom" {rPois rN+++ Regen+ Stlth+} Stlth **++++++++
                                c - +6 ring of dexterity
HPRegen 1.00/turn               I - ring of willpower
MPRegen 0.23/turn

@: confusing by touch, wreathed by umbra, very quick
A: very small, no large weapons, unfitting armour, see invisible, speed 3
a: Renounce Religion, Shadow Step, Shadow Form


You were on level 4 of the Lair of Beasts.
You worshipped Dithmenos.
Dithmenos was extremely pleased with you.
You visited 3 branches of the dungeon, and saw 17 of its levels.
You also visited: Sewer and Ice Cave.

You collected 958 gold pieces.
You spent 85 gold pieces at shops.

Inventory:

Hand Weapons
 a - a +3 dagger (weapon)
 q - a +0 sling
Missiles
 g - 8 boomerangs (quivered)
 m - 3 throwing nets
 y - 6 poisoned darts
 E - 2 curare-tipped darts
Armour
 b - a +1 robe
 f - the -2 hat of the Alchemist (worn) {rElec rPois rF+ rC+ rN+ Will+ rMut rCorr}
   (You acquired it on level 1 of the Dungeon)

   rF:        It protects you from fire.
   rC:        It protects you from cold.
   rElec:     It insulates you from electricity.
   rPois:     It protects you from poison.
   rN:        It protects you from negative energy.
   rCorr:     It protects you from acid and corrosion.
   rMut:      It protects you from mutation.
   Will:      It increases your willpower.
 o - a scarf of resistance (worn)
 v - +0 steam dragon scales (worn)
 x - a scarf of shadows
 J - a +0 cloak
Jewellery
 c - a +6 ring of dexterity (left hand)
 i - an amulet of guardian spirit
 n - a ring of willpower
 r - an amulet of magic regeneration
 I - a ring of willpower (right hand)
 K - a ring of magical power
 N - a +4 ring of protection
 O - an amulet of reflection
 R - the amulet "Zokhlom" (around neck) {rPois rN+++ Regen+ Stlth+}
   (You found it on level 3 of the Lair of Beasts)

   [amulet of regeneration]

   rPois:     It protects you from poison.
   rN:        It renders you almost immune to negative energy.
   Regen:     It increases your rate of health regeneration.
   Stlth:     It makes you more stealthy.
 T - a ring of positive energy
 U - an amulet of regeneration
Wands
 j - a wand of flame (18)
 k - a wand of polymorph (13)
 t - a wand of iceblast (7)
 B - a wand of acid (11)
 H - a wand of mindburst (23)
 L - a wand of digging (3)
Scrolls
 e - a scroll of amnesia
 u - 10 scrolls of teleportation
 A - 2 scrolls of enchant weapon
 G - a scroll of fog
 M - 3 scrolls of magic mapping
 P - 3 scrolls of identify
 S - a scroll of poison
Potions
 d - 5 potions of ambrosia
 h - 2 potions of lignification
 l - 2 potions of magic
 p - 5 potions of degeneration
 s - 5 potions of haste
 w - 4 potions of curing
 z - a potion of flight
 C - 2 potions of attraction
 D - 2 potions of brilliance {unknown}
 F - a potion of mutation {unknown}


   Skills:
 + Level 3.7 Fighting
 + Level 8.1 Short Blades
 + Level 8.0 Dodging
 + Level 15.8 Stealth
 + Level 15.7 Spellcasting
 - Level 2.0 Conjurations
 + Level 12.8 Hexes
 - Level 4.0 Translocations
 - Level 2.0 Ice Magic
 + Level 2.1 Evocations


You had 22 spell levels left.
You knew the following spells:

 Your Spells              Type           Power      Damage    Failure   Level
a - Ensorcelled Hibernat  Hex/Ice        80%        N/A       1%          2
b - Tukima's Dance        Hex            57%        N/A       1%          3
c - Confusing Touch       Hex            57%        N/A       1%          3
d - Apportation           Tloc           56%        N/A       1%          1
e - Dazzling Flash        Conj/Hex       80%        N/A       1%          3
f - Summon Guardian Gole  Hex/Summ       37%        N/A       1%          3
g - Teleport Other        Tloc           28%        N/A       2%          3
h - Gell's Gravitas       Tloc           28%        N/A       2%          3

Your spell library contained the following spells:

 Spells                   Type           Power      Damage    Failure   Level
 Lesser Beckoning         Tloc           28%        N/A       2%          3
 Anguish                  Hex/Necr       18%        N/A       3%          4
 Necrotise                Necr           56%        1d6       4%          1
 Sandblast                Erth           28%        2d8       4%          1
 Summon Small Mammal      Summ           56%        N/A       4%          1
 Passwall                 Tmut/Erth      11%        N/A       7%          2
 Stone Arrow              Conj/Erth      34%        3d9       9%          3
 Call Canine Familiar     Summ           14%        N/A       13%         3
 Swiftness                Air            14%        N/A       13%         3
 Hailstorm                Conj/Ice       21%        3d6       19%         4
 Enfeeble                 Hex            28%        N/A       19%         7
 Ice Form                 Ice/Tmut       17%        N/A       28%         4
 Olgreb's Toxic Radiance  Pois           14%        N/A       41%         4
 Dispersal                Tloc           14%        N/A       78%         6
 Simulacrum               Ice/Necr       8%         N/A       99%         6
 Orb of Destruction       Conj           10%        9d6       100%        7
 Ozocubu's Refrigeration  Ice            10%        4d9       100%        7
 Spellforged Servitor     Conj/Summ      8%         N/A       100%        7
 Disjunction              Tloc           14%        N/A       100%        8
 Ignition                 Fire           7%         3d4       100%        8


Dungeon Overview and Level Annotations

Branches:
Dungeon (12/15)            Temple (1/1) D:7            Lair (4/5) D:8
 Shoals (0/4) Lair:3       Spider (0/4) Lair:2        Sewer (visited)
  IceCv (visited)
  Slime: Lair:4-5       Orc: D:9-12

Altars:
Ashenzari
Cheibriados
Dithmenos
Elyvilon
Fedhas
Gozag
Hepliaklqana
Kikubaaqudgha
Makhleb
Nemelex Xobeh
Okawaru
Qazlal
Ru
Sif Muna
Trog
Uskayaw
Vehumet
Wu Jian
Xom
Yredelemnul
Zin
The Shining One

Shops:
D:8 [   D:9 *

Annotations:
D:3 3 runed translucent doors, imaginelosing's ghost, amateur MiBe
D:4 1 runed translucent door, OstrichLN's ghost, amateur TrGl
D:5 Menkaure
D:8 1 transporter
D:11 exclusion: boulder beetle
Lair:4 Piwky's ghost, journeyman TrMo


Innate Abilities, Weirdness & Mutations

You are very small and have problems with some larger weapons.
You are too small for most types of armour.
You have supernaturally acute eyesight. (SInv)
You cover ground extremely quickly. (Speed+++)


Message History

The bullfrog looks frightened!
The catoblepas completely misses you.
The catoblepas breathes a plume of calcifying dust at you.
The blast of calcifying dust hits you.
* * * LOW HITPOINT WARNING * * *
Really walk into that cloud of calcifying dust? [Y]es or [N]o only, please.
Really walk into that cloud of calcifying dust?
Okay, then.
A catoblepas is nearby!
Read: scroll of poison
Press: ? - help, Q - select action, (/) - cycle Dir - look around, f - activate
Okay, then.
You feel better.
Casting: Confusing Touch (safe; 1% risk of failure)
Confirm with . or Enter, or press ? or * to list all spells.
Aiming: Ensorcelled Hibernation (safe; 1% risk of failure)
Press: ? - help, Shift-Dir - straight line, f - catoblepas
Aim: a catoblepas (black smoke, chance to confuse on hit: 12%, umbra, chance to affect: 7%)
The catoblepas resists with almost no effort.
Your shadow mimicks your spell!
The catoblepas resists with almost no effort.
Casting: Ensorcelled Hibernation (safe; 1% risk of failure)
Confirm with . or Enter, or press ? or * to list all spells.
Aiming: Ensorcelled Hibernation (safe; 1% risk of failure)
Press: ? - help, Shift-Dir - straight line, f/p - catoblepas
Aim: a catoblepas (black smoke, chance to confuse on hit: 12%, umbra, chance to affect: 7%)
The catoblepas resists with almost no effort.
The catoblepas closely misses you.
Casting: Ensorcelled Hibernation (safe; 1% risk of failure)
Confirm with . or Enter, or press ? or * to list all spells.
Your hands begin to glow brighter.
The catoblepas completely misses you.
You hit the catoblepas but do no damage.
The catoblepas breathes a plume of calcifying dust at you.
The blast of calcifying dust hits you.
* * * LOW HITPOINT WARNING * * *
You hit the catoblepas but do no damage.
You hit the catoblepas but do no damage.
The catoblepas gores you!!
You die...

.## ##.##
.# #..# .#
#..## .#
#...# .#
##..# .#
###§## .#
#.###....#
...
........##
.#.
.######§@#
..# #Y##
.P# #§#
.## #§§#
.# P§F#
##.## ...
#.. #..


You could see a catoblepas.

Vanquished Creatures
  A hydra (Lair:2)
  A catoblepas (Lair:1)
  A two-headed ogre (D:11)
  3 death yaks (IceCv)
  2 wolf spiders (Lair:2)
  A cyclops (D:12)
  A merfolk siren (Lair:3)
  4 elephants (Lair:4)
  A manticore (D:9)
  2 black mambas
  3 cane toads
  3 rime drakes
  A kobold demonologist (D:11)
  4 komodo dragons
  An unseen horror (D:12)
  3 trolls
  7 polar bears
  A hornet (D:7)
  11 blink frogs (Lair:2)
  Prince Ribbit (D:5)
  4 slime creatures (D:12)
  A shadow (D:11)
  35 yaks
  2 vampires
  2 wyverns
  2 basilisks
  3 steam dragons
  Edmund (D:4)
  9 water moccasins
  5 orc warriors
  An ice beast (D:8)
  2 black bears
  14 wolves
  4 centaurs
  4 ogres
  3 phantoms
  Blork the orc (D:5)
  8 necrophages
  16 bullfrogs
  4 scorpions
  A gnoll sergeant (D:9)
  A wyvern zombie (D:8)
  6 wights
  5 killer bees (D:9)
  3 electric eels
  A howler monkey (D:8)
  4 orc priests
  3 gnoll boudas
  5 hounds
  3 jellies
  2 iguanas
  5 orc wizards
  15 gnolls
  23 adders
  A shadow imp (D:5)
  A white imp (D:7)
  An ufetubus (D:4)
  2 adder zombies (D:3)
  4 dart slugs
  33 orcs
  4 bats
  17 endoplasms
  16 giant cockroaches
  7 goblins
  4 hobgoblins
  9 jackals
  9 quokkas
  13 ball pythons
  14 frilled lizards
  3 kobolds
  7 rats
395 creatures vanquished.

Vanquished Creatures (others)
  An orc (D:7)
  2 bushes (D:8)
  19 fungi (Lair:2)
  91 plants
113 creatures vanquished.

Grand Total: 508 creatures vanquished

Notes
Turn   | Place    | Note
-------+----------+-------------------------------------------
     0 | D:1      | Manisian the Spriggan Enchanter began the quest for the
                  | Orb.
     0 | D:1      | Reached XP level 1. HP: 9/9 MP: 5/5
   357 | D:1      | Reached skill level 5 in Stealth
   515 | D:1      | Reached XP level 2. HP: 11/13 MP: 6/6
   518 | D:1      | Learned a level 2 spell: Ensorcelled Hibernation
  1103 | D:1      | Reached XP level 3. HP: 16/16 MP: 2/8
  1190 | D:1      | Found a faded altar of an unknown god.
  1459 | D:1      | Identified a scroll of acquirement
  1459 | D:1      | Acquired the -2 hat of the Alchemist {rElec rPois rF+ rC+
                  | rN+ Will+ rMut rCorr}
  1459 | D:1      | Found the -2 hat of the Alchemist {rElec rPois rF+ rC+ rN+
                  | Will+ rMut rCorr}
  2418 | D:2      | Learned a level 3 spell: Tukima's Dance
  2822 | D:3      | Found a glowing drain.
  2829 | D:3      | Reached XP level 4. HP: 21/21 MP: 7/9
  2833 | Sewer    | Entered a sewer
  3354 | Sewer    | Reached skill level 1 in Ice Magic
  3712 | Sewer    | Reached XP level 5. HP: 7/24 MP: 1/10
  4028 | Sewer    | Learned a level 3 spell: Confusing Touch
  4030 | Sewer    | Learned a level 1 spell: Apportation
  4163 | Sewer    | Reached XP level 6. HP: 23/29 MP: 5/13
  4440 | D:3      | Reached skill level 5 in Hexes
  4723 | D:3      | Found a runed translucent gate.
  4723 | D:3      | Found a runed translucent gate.
  4723 | D:3      | Found a runed translucent gate.
  4723 | D:3      | Noticed imaginelosing's ghost (amateur MiBe)
  4725 | D:3      | Found a basalt altar of Yredelemnul.
  4942 | D:3      | Identified the +0 pair of boots of Protective Custody
                  | {rPois rC+ Int+7}
  5486 | D:3      | Found a sacrificial altar of Ru.
  5486 | D:3      | Found a shimmering altar of Xom.
  5489 | D:3      | Found a stormy altar of Qazlal.
  6286 | D:4      | Learned a level 3 spell: Dazzling Flash
  6548 | D:4      | Reached skill level 1 in Fighting
  6646 | D:4      | Reached XP level 7. HP: 33/33 MP: 15/15
  6648 | D:4      | Found an ornate altar of the Wu Jian Council.
  6687 | D:4      | Reached skill level 5 in Spellcasting
  6687 | D:4      | Reached skill level 1 in Evocations
  7018 | D:4      | Noticed Edmund
  7037 | D:4      | Killed Edmund
  7056 | D:4      | Found Zin's Purification Station.
  7056 | D:4      | Found a glowing silver altar of Zin.
  7104 | D:4      | Found a runed translucent door.
  7104 | D:4      | Noticed OstrichLN's ghost (amateur TrGl)
  7512 | D:5      | Entered Level 5 of the Dungeon
  7657 | D:5      | Noticed Blork the orc
  7660 | D:5      | Killed Blork the orc
  7701 | D:5      | Reached XP level 8. HP: 29/37 MP: 18/18
  7890 | D:5      | Learned a level 3 spell: Summon Guardian Golem
  8041 | D:5      | Noticed Prince Ribbit
  8332 | D:5      | Killed Prince Ribbit
  8344 | D:5      | Noticed Menkaure
  9582 | D:6      | Found an iron altar of Okawaru.
  9671 | D:6      | Reached XP level 9. HP: 42/42 MP: 22/22
  9859 | D:6      | Reached skill level 1 in Conjurations
  9915 | D:6      | Reached skill level 5 in Dodging
 10109 | D:6      | Found a shimmering blue altar of Sif Muna.
 10293 | D:6      | Found an opulent altar of Gozag.
 10293 | D:6      | Found a sparkling altar of Nemelex Xobeh.
 10500 | D:6      | Learned a level 3 spell: Teleport Other
 10625 | D:7      | Reached skill level 1 in Translocations
 10822 | D:7      | Found a staircase to the Ecumenical Temple.
 10831 | Temple   | Entered the Ecumenical Temple
 11143 | D:7      | Reached skill level 10 in Spellcasting
 11414 | D:8      | Found a staircase to the Lair.
 11492 | D:8      | Reached skill level 5 in Short Blades
 11565 | D:8      | Found Plog's Armour Shop.
 11642 | D:8      | Found a radiant altar of Vehumet.
 11764 | D:8      | Found a shadowy altar of Dithmenos.
 11773 | D:8      | Became a worshipper of Dithmenos the Shadowed
 11906 | D:8      | Found a blossoming altar of Fedhas.
 11953 | D:8      | Found a bloodstained altar of Trog.
 12120 | D:8      | Found a transporter.
 12344 | D:8      | Reached XP level 10. HP: 44/46 MP: 25/25
 12586 | D:9      | Noticed a manticore
 13599 | D:9      | Learned a level 3 spell: Gell's Gravitas
 13683 | D:9      | Identified the +1 scale mail "Yvaotaq" {Str+9}
 13754 | D:9      | Found Cowk's Assorted Antiques.
 13760 | D:9      | Reached skill level 10 in Hexes
 13765 | D:9      | Reached * piety under Dithmenos
 13774 | D:9      | Bought a cloak for 85 gold pieces
 14283 | D:9      | Killed a manticore
 14439 | D:10     | Entered Level 10 of the Dungeon
 14756 | D:10     | Found a broken altar of Ashenzari.
 15167 | D:10     | Reached ** piety under Dithmenos
 15275 | D:10     | Found a glowing golden altar of the Shining One.
 15319 | D:10     | Found a shimmering blue altar of Sif Muna.
 15566 | D:11     | Reached XP level 11. HP: 23/52 MP: 20/28
 16141 | D:11     | Noticed a boulder beetle
 16415 | D:11     | Noticed a two-headed ogre
 16419 | D:11     | Killed a two-headed ogre
 16552 | D:11     | Found a stormy altar of Qazlal.
 17118 | D:12     | Reached skill level 10 in Stealth
 17216 | Lair:1   | Entered Level 1 of the Lair of Beasts
 17519 | Lair:1   | Noticed a catoblepas
 17530 | Lair:1   | Killed a catoblepas
 17995 | Lair:2   | Reached *** piety under Dithmenos
 18030 | Lair:2   | Found a frozen archway.
 18038 | IceCv    | Entered an ice cave
 18059 | IceCv    | Reached XP level 12. HP: 56/56 MP: 29/31
 18068 | IceCv    | Noticed a death yak
 18070 | IceCv    | Noticed a death yak
 18070 | IceCv    | Noticed a death yak
 18102 | IceCv    | Killed a death yak
 18102 | IceCv    | Killed a death yak
 18104 | IceCv    | Killed a death yak
 18354 | IceCv    | Reached **** piety under Dithmenos
 18455 | IceCv    | Noticed a death yak
 18455 | IceCv    | Noticed a death yak
 19260 | Lair:2   | You fall into a shaft and drop 1 floor!
 19384 | Lair:2   | Noticed a five-headed hydra
 19391 | Lair:2   | Killed a five-headed hydra
 19392 | Lair:2   | Reached skill level 15 in Spellcasting
 19828 | Lair:2   | Found a hole to the Spider Nest.
 20242 | Lair:2   | Reached skill level 15 in Stealth
 20634 | Lair:3   | Identified the amulet "Zokhlom" {rPois rN+++ Regen+ Stlth+}
 20748 | Lair:3   | Found a staircase to the Shoals.
 21133 | Lair:4   | Reached XP level 13. HP: 58/60 MP: 33/33
 21203 | Lair:4   | Noticed Piwky's ghost (journeyman TrMo)
 21242 | Lair:4   | Reached ***** piety under Dithmenos
 21644 | Lair:4   | Mangled by a catoblepas

Illustrated notes

Levels and vault maps discovered:
D:1:      shiori_arrival_maze, layout_rooms, shapermc_ecumenical_altar_venn,
          minmay_misc_feat_doors, serial_bayou_ford_a, minmay_misc_feat_columns,
          grunt_decor_arrowhead, serial_bayou_pond_b, serial_bayou_pond_e,
          nicolae_figureground_pulse
D:2:      minmay_roachtagon, layout_basic
D:3:      layout_basic, nicolae_yredelemnul_ghost_church,
          chequers_temple_overflow_statue_of_worship, portal_sewer_entry_d,
          amcnicky_mini_corridor_feature
D:4:      layout_loops_ring, nzn_wu_jian_contemplation, zin_purify,
          gammafunk_ghost_grave, minmay_misc_feat_four_crosses, uniq_edmund
D:5:      layout_rooms, serial_rivers, chequers_serial_rivers_micro_d,
          chequers_serial_rivers_marsh, chequers_serial_rivers_room_b,
          chequers_serial_rivers_micro_b, chequers_serial_rivers_micro_e,
          uniq_prince_ribbit1, uniq_menkaure, uniq_blork_the_orc
D:6:      layout_loops_cross, grunt_temple_overflow_opulence,
          okawaru_gym_becter, minmay_ruined_shrine
D:7:      layout_basic, minmay_temple_entry_hall
D:8:      layout_loops_ring, fedhas_altar_decomposition, trog_book,
          lemuel_coloured_pillars_altar, overflow_temple_1_default,
          serial_shops, shop, nicolae_diode_basic
D:9:      layout_gridville, kennysheep_windowed_goal
D:10:     layout_basic, led_sif_pool, nicolae_tso_swordbearing_angel,
          evilmike_ruin_ashenzari, minmay_misc_feat_tiny
D:11:     layout_loops_corners, nicolae_qazlal_style_of_elements
D:12:     due_megacathedral, layout_loops_ring, orc_0_dummy
Temple:   nicolae_temple_superstar
Lair:1:   layout_regular_city
Lair:2:   minmay_lair_venomous_thicket, layout_chaotic_city, dummy_spider_entry,
          serial_rivers, chequers_serial_rivers_small_a,
          chequers_serial_rivers_small_b, chequers_serial_rivers_micro_b,
          chequers_serial_rivers_micro_e, chequers_serial_rivers_micro_e,
          chequers_serial_rivers_small_3, portal_ice_cave_rime,
          serial_bayou_lake_a
Lair:3:   layout_big_grid, minmay_shoals_entry_lonely_mermaid
Lair:4:   layout_long_grid, hellmonk_ghost_happy_afterlife, serial_bayou_pond_e,
          grunt_forest_small_clearings, serial_bayou_shore_a,
          lemuel_fruit_fields

Skill      XL: |  1  2  3  4  5  6  7  8  9 10 11 12 13 |
---------------+----------------------------------------+-----
Stealth        | 5 6 12 15 | 15.8
Dodging        | 3 4 5 6 7 8 |  8.0
Hexes          | 4 5 6 8 9 10 11 12 | 12.8
Spellcasting   | 3 4 6 8 10 12 14 15 | 15.7
Ice Magic      | 1 2 |  2.0
Short Blades   | 2 3 4 5 7 8 |  8.1
Fighting       | 1 2 3 |  3.7
Evocations     | 1 2 |  2.1
Conjurations   | 2 |  2.0
Translocations | 3 4 |  4.0

Action                   |  1- 3 |  4- 6 |  7- 9 | 10-12 | 13-15 || total
-------------------------+-------+-------+-------+-------+-------++-------
Melee: Dagger            |   115 |   127 |   200 |   315 |    37 ||   794
       Punch             |       |     2 |     1 |     7 |     1 ||    11
Throw: Boomerang         |    13 |    42 |    13 |     6 |     2 ||    76
 Cast: Ensorcelled Hiber |    34 |    83 |    93 |   181 |    38 ||   429
       Confusing Touch   |       |     2 |    13 |    23 |     5 ||    43
       Dazzling Flash    |       |       |     4 |     8 |       ||    12
       Gell's Gravitas   |       |       |       |     2 |       ||     2
Evoke: Wand              |       |     8 |       |     5 |       ||    13
  Use: Scroll            |     8 |     5 |     6 |    10 |     1 ||    30
       Potion            |     2 |     2 |     3 |     6 |     1 ||    14
 Stab: Sleeping          |    25 |    55 |    64 |   130 |    16 ||   290
       Invisible         |     7 |     1 |     5 |     9 |       ||    22
       Confused          |       |       |    11 |    20 |     3 ||    34
       Distracted        |       |       |     4 |       |       ||     4
Armor: Robe              |     7 |       |       |       |       ||     7
       Steam dragon scal |       |       |     2 |     9 |     4 ||    15
Dodge: Dodged            |    88 |   121 |   120 |   302 |    58 ||   689

Table legend: (Time is in decaauts)
 A = Elapsed time spent in this place.
 B = Non-inter-level travel time spent in this place.
 C = Inter-level travel time spent in this place.
 D = Time resting spent in this place.
 E = Time spent auto-exploring this place.
 F = Levels seen in this place.
 G = Mean time per level.
                   A        B        C        D        E       F      G
               +--------+--------+--------+--------+--------+-----+--------+
         Total |  17286 |  16670 |    616 |   7295 |   5083 |  19 |  909.8 |
       Dungeon |  12140 |  11623 |    517 |   5177 |   3492 |  12 | 1011.7 |
        Temple |     96 |     73 |     23 |      0 |     63 |   1 |   96.0 |
          Lair |   2694 |   2619 |     75 |    793 |   1160 |   4 |  673.5 |
         Sewer |   1585 |   1585 |      0 |    859 |    336 |   1 | 1585.0 |
      Ice Cave |    770 |    770 |      0 |    465 |     31 |   1 |  770.0 |
               +--------+--------+--------+--------+--------+-----+--------+

Top non-repeatable levels by time:
     D:4: 1880 daAuts
   Sewer: 1585 daAuts
     D:3: 1352 daAuts
     D:9: 1319 daAuts
  Lair:2: 1270 daAuts
     D:1: 1254 daAuts
    D:11: 1191 daAuts
     D:8: 1130 daAuts
     D:5: 993 daAuts
     D:2: 966 daAuts
     D:6: 807 daAuts
   IceCv: 770 daAuts
    D:10: 701 daAuts
     D:7: 531 daAuts
  Lair:3: 530 daAuts
